 Dungeon Crawl Stone Soup version 0.19-a0-1195-ge0bab27 (webtiles) character file.

7007 LORDOFBUTT the Nimble (level 11, 0/130 HPs)
             Began as a Human Berserker on Aug 19, 2016.
             Was a High Priest of Trog.
             Slain by a yak (10 damage)
             ... on level 10 of the Dungeon.
             The game lasted 00:14:33 (10430 turns).

LORDOFBUTT the Nimble (Human Berserker)            Turns: 10430, Time: 00:14:33

Health: 0/130      AC: 27    Str: 20    XL:     11   Next: 29%
Magic:  11/11      EV:  2    Int:  7    God:    Trog [*****.]
Gold:   573        SH:  3    Dex: 14    Spells: 0 memorised, 10 levels left

rFire  . . .     SeeInvis .     y - +0 flail
rCold  . . .     Gourm    .     (armour currently unavailable)
rNeg   + + +     Faith    .     (no shield)
rPois  +         Spirit   .     (helmet currently unavailable)
rElec  .         Dismiss  .     (cloak currently unavailable)
rCorr  .         Reflect  +     (gloves currently unavailable)
MR     +....     Harm     .     (boots currently unavailable)
Stlth  +++....... NoTele   +    Y - +3 amulet of reflection
                                z - ring of protection from magic
                                W - +2 ring of protection

@: exhausted, tree-form, slowed, very slow
A: no striking features
a: Berserk, Trog's Hand, Brothers in Arms, Burn Spellbooks, Renounce Religion


You were on level 10 of the Dungeon.
You worshipped Trog.
Trog was extremely pleased with you.
You were not hungry.
You were a tree.
You visited 1 branch of the dungeon, and saw 10 of its levels.

You collected 573 gold pieces.

Inventory:

Hand Weapons
 y - a +0 flail (weapon)
Armour
 m - a +0 cloak (melded)
 n - a +1 ring mail of fire resistance (melded)
Jewellery
 e - an uncursed ring of wizardry
 j - an uncursed ring of poison resistance
 k - an uncursed ring of flight
 z - a ring of protection from magic (right branch)
 M - the ring of Music {Fire rPois}
   (You found it on level 5 of the Dungeon)

   [ring of fire]

   It enhances your fire magic.
   It protects you from fire.
   It makes you vulnerable to cold.
   It protects you from poison.
 W - a +2 ring of protection (left branch)
 Y - a +3 amulet of reflection (around neck)
 Z - an uncursed ring of protection from magic
Wands
 u - a wand of random effects (14/48)
 v - a wand of confusion (18/48)
 D - a wand of flame (22/48)
 F - a wand of flame (19/48)
 L - a wand of iceblast (7/15)
 U - a wand of lightning (10/15)
 V - a wand of teleportation (1/9)
 X - a wand of iceblast (9/15)
Scrolls
 b - 4 scrolls of random uselessness {unknown}
 g - 2 scrolls of immolation {unknown}
 l - 4 scrolls of amnesia {unknown}
 o - 4 scrolls of remove curse
 r - a scroll of enchant armour {unknown}
 t - a scroll of blinking {unknown}
 x - a scroll of recharging {unknown}
 B - 4 scrolls of magic mapping {unknown}
 H - 2 scrolls of enchant weapon {unknown}
 N - a scroll of fear {unknown}
 P - a scroll of fog {unknown}
 Q - a scroll of vulnerability {unknown}
 R - a scroll of identify
 S - a scroll of torment {unknown}
 T - a scroll of noise {unknown}
Potions
 a - 4 potions of flight
 d - 3 potions of berserk rage
 f - 2 potions of mutation
 h - 6 potions of curing
 i - 3 potions of ambrosia
 p - 3 potions of cure mutation
 q - 3 potions of haste {unknown}
 A - 2 potions of heal wounds {unknown}
 E - 3 potions of lignification
 G - a potion of cancellation {unknown}
 I - 2 potions of magic {unknown}
 J - 2 potions of degeneration {unknown}
 K - a potion of brilliance {unknown}
 O - a potion of might {unknown}
Books
 C - a book of Summonings

   Spells                             Type                      Level
   a - Recall                         Summoning/Translocation      3
   b - Aura of Abjuration             Summoning                    5
   c - Summon Demon                   Summoning                    5
   d - Summon Forest                  Summoning/Translocation      5
   e - Summon Mana Viper              Hexes/Summoning              5
   f - Shadow Creatures               Summoning                    6
   Trog disapproves of the use of such an item.
Comestibles
 c - 2 bread rations
 w - a royal jelly


   Skills:
 + Level 8.3 Fighting
 + Level 8.8 Maces & Flails
 + Level 7.4 Armour
 + Level 9.6 Dodging
 + Level 3.6 Stealth


You had 10 spell levels left.
You didn't know any spells.

Dungeon Overview and Level Annotations

Branches:
Dungeon (10/15)            Temple (0/1) D:7            Lair (0/6) D:10
    Orc: D:9-12

Altars:
Elyvilon
Sif Muna
Uskayaw
Yredelemnul
The Shining One

Shops:
D:5 =   D:7 :?(:=   D:9 (   D:10 (


Message History

You hit the yak.
The yak is heavily wounded.
The yak gores you but does no damage. x2
You hit the yak but do no damage.
The yak is heavily wounded.
The yak completely misses you.
You thump the yak!
The yak is severely wounded.
The yak gores you but does no damage.
You sock the yak!
You kill the yak!
Trog accepts your kill. The yak gores you but does no damage.
You thump the yak!
The yak is heavily wounded.
The yak gores you but does no damage.
You hit the yak but do no damage.
The yak is heavily wounded.
The yak gores you but does no damage. The yak gores you!
You die...

######.# #.###.##########
#......# #...#..........#
##.###.# #.#.#.#..#####.# #.#
#.# #.#.#.#......#.# #.#
#.####### #.#.#.##.#.###)#
##.###.#.....# #.#.#.##.#.#...#
#....#.#.....# #.#.#.##.#.#.####
####.#.#.....###.#........#.....
#...#.'.....'Y♣...#.##.###..###
#.#.###.....###>...............
#.#....<....+..................
#.#.#.......###.#.#.##.##.....#
#.#.#.........#.#.#.##.##.....#
#.#.#########.#.#.#.#...#.....#
#.#.#.........#.#.#.###.#......
#.#.#.#####..##.#.#............
#.#.#...........#.#####.####...


You could see a yak.

Vanquished Creatures
  2 hill giants (D:10)
  A troll (D:9)
  17 yaks (D:10)
  2 hippogriffs (D:9)
  Duvessa (D:4)
  An orc warrior (D:7)
  3 black bears
  An ice beast (D:9)
  3 sky beasts
  4 ogres
  4 phantoms
  A centaur (D:5)
  A crocodile (D:10)
  A giant frog (D:8)
  A wyvern zombie (D:10)
  Dowan (D:4)
  4 scorpions
  6 howler monkeys
  A centaur zombie (D:7)
  2 crimson imps
  5 orc priests
  2 hounds
  A jelly (D:6)
  5 orc wizards
  3 worker ants
  Jessica (D:2)
  3 iguanas
  A howler monkey zombie (D:10)
  3 worker ant zombies
  7 gnolls
  5 adders
  2 shadow imps
  An adder zombie (D:6)
  A worm (D:4)
  5 dart slugs
  6 giant geckos
  27 orcs
  3 ball pythons
  6 bats
  4 giant cockroaches
  5 goblins
  8 hobgoblins
  12 jackals
  3 kobolds
  4 quokkas
  A giant gecko zombie (D:7)
  6 giant newts
  2 quokka zombies
  10 rats
199 creatures vanquished.

Notes
Turn   | Place    | Note
-------+----------+-------------------------------------------
     0 | D:1      | LORDOFBUTT the Human Berserker began the quest for the Orb.
     0 | D:1      | Reached XP level 1. HP: 18/18 MP: 1/1
    87 | D:1      | Reached XP level 2. HP: 20/24 MP: 2/2
   410 | D:1      | Reached XP level 3. HP: 29/29 MP: 3/3
   542 | D:1      | Reached ** piety under Trog
   837 | D:2      | Noticed Jessica
   844 | D:2      | Killed Jessica
   844 | D:2      | Reached XP level 4. HP: 37/37 MP: 4/4
  1242 | D:3      | Reached XP level 5. HP: 27/42 MP: 5/5
  1245 | D:3      | Reached skill level 3 in Dodging
  1339 | D:3      | Found a basalt altar of Yredelemnul.
  1534 | D:3      | Reached XP level 6. HP: 24/48 MP: 6/6
  1547 | D:3      | Reached *** piety under Trog
  1668 | D:3      | Reached skill level 1 in Stealth
  2095 | D:4      | Reached skill level 4 in Dodging
  2162 | D:4      | Reached XP level 7. HP: 54/54 MP: 7/7
  2414 | D:4      | Noticed Dowan
  2417 | D:4      | Noticed Duvessa
  2426 | D:4      | Killed Dowan
  2439 | D:4      | Killed Duvessa
  2753 | D:5      | Entered Level 5 of the Dungeon
  2903 | D:5      | Reached skill level 5 in Maces & Flails
  2903 | D:5      | Reached XP level 8. HP: 61/61 MP: 8/8
  2985 | D:5      | Reached skill level 5 in Fighting
  2985 | D:5      | Reached skill level 5 in Dodging
  3037 | D:5      | Got a warped marble ring
  3040 | D:5      | Identified the ring of Music {Fire rPois} (You found it on level 5 of the Dungeon)
  3139 | D:5      | Reached **** piety under Trog
  3963 | D:5      | Found Zeugger's Jewellery Boutique.
  4810 | D:6      | Identified Xoycy's First Steps in Rites and Rhymes
  4880 | D:6      | Reached skill level 6 in Dodging
  4880 | D:6      | Reached XP level 9. HP: 41/68 MP: 9/9
  5134 | D:6      | Found a deep blue altar of Sif Muna.
  5180 | D:7      | Got a fine leather armour
  5191 | D:7      | Identified the +0 leather armour of Ashenzari's Supremacy {rC+ Slay+2} (You found it on level 7 of the Dungeon)
  5231 | D:7      | You fall through a shaft!
  5360 | D:7      | Noticed a hand axe
  5361 | D:7      | Noticed a hand axe
  5362 | D:7      | Found a hide-covered altar of Uskayaw.
  5480 | D:7      | Found Quirph Qikh's Magic Scroll Shop.
  5513 | D:7      | Got an encrusted shield
  5519 | D:7      | Identified the +4 shield of Lixerrolall {*Confuse rC- rN+++ Dex+3} (You found it on level 7 of the Dungeon)
  5583 | D:7      | Reached skill level 5 in Armour
  5586 | D:7      | Found Osadd's Weapon Emporium.
  5657 | D:7      | Found Juehuxon's Book Emporium.
  5708 | D:7      | Found a white marble altar of Elyvilon.
  5708 | D:7      | Found a glowing golden altar of the Shining One.
  5758 | D:7      | Found Qorouk Egor's Jewellery Shop.
  6058 | D:7      | Found Ohirph's Book Emporium.
  6120 | D:7      | Found a staircase to the Ecumenical Temple.
  7265 | D:9      | Reached skill level 7 in Dodging
  7574 | D:9      | Noticed a troll
  7577 | D:9      | Reached XP level 10. HP: 39/77 MP: 10/10
  7898 | D:9      | Found Fetal's Antique Weapon Boutique.
  8074 | D:9      | Reached ***** piety under Trog
  8371 | D:9      | Reached skill level 8 in Dodging
  8419 | D:10     | Entered Level 10 of the Dungeon
  8602 | D:10     | Found Iluaj's Weapon Boutique.
  8626 | D:10     | Found a staircase to the Lair.
  8694 | D:10     | Noticed a hill giant
  8772 | D:10     | Killed a hill giant
  9500 | D:10     | Reached skill level 9 in Dodging
  9737 | D:10     | Noticed a hill giant
  9750 | D:10     | Killed a hill giant
  9750 | D:10     | Reached XP level 11. HP: 31/86 MP: 11/11
 10421 | D:10     | Received a gift from Trog
 10430 | D:10     | Slain by a yak

Vault maps used:
D:1:      onia_arrival_pentagram
D:2:      first_bread, kennysheep_generic_room_5, uniq_jessica
D:3:      nicolae_overflow_crystal_walls
D:4:      minmay_door_path, uniq_duvessa
D:5:      serial_shops, kennysheep_mini, minmay_gold_behind_fungi
D:6:      marbit_many_paths
D:7:      gammafunk_temple_overflow_wave, dancing_weapons_uskayaw, serial_shops,
          nicolae_shop_behind_doors, shop, shop, shop, kennysheep_mini_moat
D:9:      serial_shops, nicolae_shop_waterfront
D:10:     lair_0_dummy, serial_shops, shop

Skill      XL: |  1  2  3  4  5  6  7  8  9 10 11 |
---------------+----------------------------------+-----
Fighting       | 4 5 6 7 8 |  8.3
Maces & Flails | 4 5 6 7 8 |  8.8
Dodging        | 3 4 6 7 9 |  9.6
Armour         | 3 4 6 7 |  7.4
Stealth        | 1 2 3 |  3.6

Action                   |  1- 3 |  4- 6 |  7- 9 | 10-12 || total
-------------------------+-------+-------+-------+-------++-------
Melee: Mace              |    68 |    29 |       |       ||    97
       Club              |       |    20 |       |       ||    20
       Flail             |       |    95 |   445 |   251 ||   791
Invok: Berserk           |     1 |     3 |     6 |     7 ||    17
       Burn Spellbooks   |       |       |     1 |       ||     1
  Use: Scroll            |       |     2 |     9 |     2 ||    13
       Potion            |       |       |       |     1 ||     1
 Stab: Sleeping          |       |       |     2 |       ||     2
  Eat: Fruit             |       |     3 |     4 |       ||     7
       Beef jerky        |       |     1 |     2 |       ||     3
       Bread ration      |       |     1 |     2 |     1 ||     4
       Chunk             |       |       |     5 |       ||     5
       Meat ration       |       |       |     1 |     2 ||     3
       Pizza             |       |       |     1 |       ||     1
Armor: Animal skin       |     8 |       |       |       ||     8
       Ring mail         |     7 |    58 |   146 |    74 ||   285
       Skin              |       |       |       |    23 ||    23
Dodge: Dodged            |    59 |   106 |   352 |   182 ||   699
Block: Other             |       |       |     5 |    35 ||    40
